 Dungeon Crawl Stone Soup version 0.31.0-32-g396128a36d (webtiles) character file.

Game seed: 10856462989957698304

193 MisterFreud the Ruffian (level 5, -2/48 HPs)
             Began as a Troll Gladiator on Apr 1, 2024.
             Was a Follower of Yredelemnul.
             Shot with an arrow by a centaur (16 damage)
             ... on level 4 of the Dungeon.
             The game lasted 00:02:46 (2233 turns).

MisterFreud the Ruffian (Troll Gladiator)           Turns: 2233, Time: 00:02:46

Health: -2/48      AC:  8    Str: 22    XL:     5   Next: 44%
Magic:  4/4        EV: 11    Int:  4    God:    Yredelemnul [*.....]
Gold:   211        SH:  0    Dex: 19    Spells: 4/4 levels left

rFire   . .          .
                       - Unarmed
rCold   . . .        (no shield)
rNeg    . . .        a - +0 robe
rPois   .            b - +1 hat
rElec   .            m - +2 cloak
rCorr   .            (gloves unavailable)
SInv    .            (boots unavailable)
Will    .....        (no amulet)
Stlth   ++           j - +6 ring of dexterity
HPRegen 1.08/turn    (no ring)
MPRegen 0.09/turn

%: no passive effects
@: no status effects
A: large, unfitting armour, claws 3, regeneration 1, shaggy fur 1, tough skin 1
a: Renounce Religion, Recall Undead Harvest


You were on level 4 of the Dungeon.
You worshipped Yredelemnul.
Yredelemnul was noncommittal.
You visited 1 branch of the dungeon, and saw 4 of its levels.

You collected 211 gold pieces.

Inventory:

Missiles
 c - 3 throwing nets
 d - a large rock
 e - 11 boomerangs (quivered)
Armour
 a - a +0 robe (worn)
 b - a +1 hat (worn)
 m - a +2 cloak (worn)
Jewellery
 j - a +6 ring of dexterity (left claw)
Scrolls
 f - a scroll of fear {unknown}
 h - a scroll of teleportation {unknown}
 i - 4 scrolls of fog {unknown}
 k - 4 scrolls of identify {unknown}
 l - a scroll of blinking {unknown}
 n - a scroll of enchant armour
 p - a scroll of poison {unknown}
Potions
 g - 2 potions of curing {unknown}
 o - a potion of heal wounds {unknown}
 q - a potion of brilliance {unknown}


   Skills:
 - Level 1.5 Fighting
 + Level 3.8 Throwing
 - Level 2.4 Dodging
 + Level 4.8 Unarmed Combat


You had 4 spell levels left.
You didn't know any spells.
Your spell library contained the following spells:

 Spells                   Type           Power      Damage    Failure   Level
 Dazzling Flash           Conj/Hex       0%         N/A       86%         3
 Hailstorm                Conj/Ice       0%         3d5       86%         3
 Summon Ice Beast         Ice/Summ       0%         N/A       86%         3
 Volatile Blastmotes      Fire/Tloc      0%         2d10      86%         3
 Sculpt Simulacrum        Ice/Alch       0%         N/A       100%        6
 Starburst                Conj/Fire      0%         6d3       100%        6
 Maxwell's Capacitive Co  Air            0%         ∞         100%        8


Dungeon Overview and Level Annotations

Branches:
Dungeon (4/15)
 Temple: D:4-7

Altars:
Fedhas
Xom
Yredelemnul

Shops:
D:3 [


Innate Abilities, Weirdness & Mutations

You are too large for most types of armour.
You have claws for hands.
Your natural rate of healing is unusually fast.
You are covered in fur. (AC +1)
You have tough skin. (AC +1)


Message History

Unknown command.
You scratch the iguana.
The iguana is severely wounded.
The centaur shoots an arrow.
The arrow hits your ball python zombie!
Your ball python zombie is destroyed!
The centaur hits you but does no damage.
The centaur kicks you but does no damage.
The iguana barely misses you.
You can no longer trade souls for undead servants.
You claw the centaur!
The centaur is moderately wounded.
The centaur shoots an arrow.
The arrow closely misses you.
The arrow closely misses your goblin zombie.
The centaur hits you.
The centaur kicks you but does no damage.
The centaur shoots an arrow.
The arrow hits you!
The centaur hits you but does no damage.
The centaur kicks you but does no damage.
The iguana bites you!
You scratch the centaur.
The centaur is heavily wounded.
The centaur shoots an arrow.
The arrow hits you. The centaur misses you.
The centaur kicks you but does no damage.
The iguana bites you!
Unknown command.
You claw the centaur!
The centaur is almost dead.
The centaur shoots an arrow.
The arrow hits your endoplasm zombie!
Your endoplasm zombie is destroyed!
The centaur hits you but does no damage.
The centaur kicks you.
* * * LOW HITPOINT WARNING * * *
The centaur shoots an arrow.
The arrow hits your goblin zombie!
Your goblin zombie is destroyed!
You scratch the centaur.
You kill the centaur!
The dead are walking!
The iguana barely misses you.
The centaur shoots an arrow.
The arrow hits you!
You die...
Your body rises from the dead as a mindless zombie.

#.^..............###
#..............###
#..............#
...............#
............#############
.........Z..............
........ZZZ...≈≈≈≈..####
>......Z.##.........Z.ZZ
.....Z.@###.Z.....######
.....cl)# #ZZ.......##
.......## #..........##
....... #...........#
......# #...........#
.....# #..........##
..... ##.........# #####
####...#### #####


You could see a centaur (ally target), an iguana (ally target), a friendly
iguana zombie, a friendly ball python zombie, a friendly quokka zombie, a
friendly orc zombie, a friendly centaur zombie and a friendly dart slug zombie.

Vanquished Creatures
  A centaur (D:4)
  An iguana (D:4)
  Terence (D:2)
  6 adders
  2 dart slugs
  3 ribbon worms
  5 orcs (D:4)
  7 ball pythons
  7 bats
  3 endoplasms
  3 giant cockroaches
  6 goblins
  5 hobgoblins
  3 jackals (D:3)
  5 kobolds
  4 quokkas
  5 frilled lizards
  6 rats
73 creatures vanquished.

Vanquished Creatures (collateral kills)
  An endoplasm (D:4)
  A ball python (D:4)
  A kobold (D:4)
3 creatures vanquished.

Vanquished Creatures (others)
  A ball python zombie (D:4)
  An endoplasm zombie (D:4)
  A goblin zombie (D:4)
  An orc zombie (D:4)
4 creatures vanquished.

Grand Total: 80 creatures vanquished

Notes
Turn   | Place    | Note
-------+----------+-------------------------------------------
     0 | D:1      | MisterFreud the Troll Gladiator began the quest for the
                  | Orb.
     0 | D:1      | Reached XP level 1. HP: 19/19 MP: 0/0
   193 | D:1      | Reached XP level 2. HP: 27/27 MP: 1/1
   669 | D:2      | Reached XP level 3. HP: 33/33 MP: 2/2
   820 | D:2      | Reached skill level 4 in Unarmed Combat
   849 | D:2      | Noticed Terence
   856 | D:2      | Killed Terence
   857 | D:2      | Reached XP level 4. HP: 41/41 MP: 3/3
  1186 | D:3      | Found Nygiuw's Armour Shoppe.
  1240 | D:3      | Found a basalt altar of Yredelemnul.
  1294 | D:3      | Became a worshipper of Yredelemnul the Dark
  1456 | D:3      | Reached * piety under Yredelemnul
  1484 | D:3      | Found a shimmering altar of Xom.
  1632 | D:3      | Reached ** piety under Yredelemnul
  1633 | D:3      | Reached XP level 5. HP: 48/48 MP: 4/4
  2187 | D:4      | Found a blossoming altar of Fedhas.
  2224 | D:4      | Noticed a centaur
  2224 | D:4      | Noticed a centaur
  2233 | D:4      | Killed a centaur
  2233 | D:4      | Shot with an arrow by a centaur

Illustrated notes

Levels and vault maps discovered:
D:1:      dpeg_arrival_arbitrary_c, layout_loops_ring
D:2:      layout_basic, uniq_terence
D:3:      layout_basic, mainiacjoe_overflow_24_doors,
          mainiacjoe_overflow_alcove_4, serial_shops, shop, minivault_24,
          minmay_misc_feat_rows
D:4:      minmay_evil_eye, layout_cave_pods, mainiacjoe_overflow_boulevard,
          nicolae_uskayaw_suspiria, serial_shops, kennysheep_mini,
          kennysheep_generic_room_6

Skill      XL: |  1  2  3 |
---------------+----------+-----
Throwing       | 2 3 |  3.8
Unarmed Combat | 4 |  4.8
Fighting       | |  1.5
Dodging        | |  2.4

Action                     |  1- 3 |  4- 6 || total
---------------------------+-------+-------++-------
  Melee: Unarmed           |    81 |    89 ||   170
         Punch             |     2 |     1 ||     3
    Use: Scroll            |     3 |       ||     3
   Stab: Distracted        |     1 |       ||     1
         Sleeping          |       |     2 ||     2
 Armour: Robe              |    44 |    59 ||   103
  Dodge: Dodged            |    54 |    40 ||    94
